 Dungeon Crawl Stone Soup version 0.26-a0-660-gc07710193c (webtiles) character file.

Game seed: 9903186712266064326

341733 Grim the Minotaur Blade (level 21, -10/202 HPs)
             Began as a Minotaur Berserker on Oct 6, 2020.
             Was an Elder of Trog.
             Mangled by an Executioner (19 damage)
             ... summoned by a lich
             ... on level 2 of the Depths.
             The game lasted 02:03:16 (40999 turns).

Grim the Minotaur Blade (Minotaur Berserker)       Turns: 40999, Time: 02:03:17

Health: -10/202    AC: 24    Str: 24    XL:     21   Next: 9%
Magic:  6/6        EV: 28    Int:  9    God:    Trog [****..]
Gold:   3010       SH:  0    Dex: 21    Spells: 20/20 levels left

rFire    . . .     SeeInvis +   D - +4 great sword (antimagic)
rCold    . . .     Faith    .   (shield currently unavailable)
rNeg     . . .     Spirit   .   w - +3 faerie dragon scales {rElec rCorr Dex+4 SInv}
rPois    .         Reflect  .   (helmet restricted)
rElec    +         Harm     +   E - +0 cloak
rCorr    +         Rampage  .   P - +0 pair of gloves
MR       ++...                  Z - +2 pair of boots of Boredom {Harm *Corrode +Blink +Inv Int+2}
Stlth    ++........             i - amulet of regeneration
HPRegen  0.83/turn              c - +4 ring of slaying
MPRegen  0.10/turn              y - ring of protection from magic

@: lightly drained
A: retaliatory headbutt, horns 2, slimy green scales 2, agile 1, low mp 1,
MP-powered wands, sturdy frame 1
}: 2/15 runes: decaying, serpentine
a: Berserk, Trog's Hand, Brothers in Arms, Renounce Religion, Evoke Blink, Evoke
Invisibility


You were on level 2 of the Depths.
You worshipped Trog.
Trog was greatly pleased with you.
You visited 8 branches of the dungeon, and saw 39 of its levels.
You visited 1 bazaar.
You also visited: Ossuary, Ice Cave and Volcano.

You collected 3660 gold pieces.
You spent 650 gold pieces at shops.

Inventory:

Hand Weapons
 B - a +2 great sword of flaming
 D - a +4 antimagic great sword (weapon)
Missiles
 f - 28 poisoned darts
 j - 5 curare-tipped darts
 K - 30 boomerangs (quivered)
 O - 5 datura-tipped darts
 T - 5 javelins
Armour
 w - the +3 faerie dragon scales (worn) {rElec rCorr Dex+4 SInv}
   (You took it off the Enchantress on level 15 of the Dungeon)

   It affects your dexterity (+4).
   It insulates you from electricity.
   It lets you see invisible.
   It provides partial protection from all sources of acid and corrosion.
 E - a +0 cloak (worn)
 P - a +0 pair of gloves (worn)
 Z - the +2 pair of boots of Boredom (worn) {Harm *Corrode +Blink +Inv Int+2}
   (You found it on level 14 of the Dungeon)

   It affects your intelligence (+2).
   It lets you turn invisible.
   It lets you blink.
   It may corrode you when you take damage.
   It increases damage dealt and taken.
Jewellery
 b - the ring "Guciabif" {Fire rN+}
   (You found it on level 14 of the Dungeon)

   [ring of fire]

   It enhances your fire magic.
   It protects you from fire.
   It makes you vulnerable to cold.
   It protects you from negative energy.
 c - a +4 ring of slaying (left hand)
 g - an uncursed ring of ice
 i - an amulet of regeneration (around neck)
 s - an uncursed ring of ice
 x - an uncursed ring of protection from fire {unknown}
 y - a ring of protection from magic (right hand)
 L - a +4 ring of evasion
 W - an uncursed ring of fire {unknown}
 X - an uncursed ring of see invisible
Wands
 m - a wand of enslavement (30)
 p - a wand of polymorph (5)
 u - a wand of digging (10)
 C - a wand of acid (18)
 I - a wand of iceblast (20)
 M - a wand of random effects (54)
 S - a wand of paralysis (20)
 V - a wand of disintegration (13)
Scrolls
 a - 5 scrolls of enchant armour
 d - 16 scrolls of remove curse
 e - 13 scrolls of identify
 h - 10 scrolls of fear
 r - a scroll of teleportation
 v - 2 scrolls of silence
 A - 4 scrolls of magic mapping
 F - a scroll of brand weapon
 J - 8 scrolls of immolation
 N - 2 scrolls of enchant weapon
Potions
 k - 10 potions of curing
 l - 4 potions of magic
 n - 3 potions of invisibility
 q - 8 potions of flight
 t - 3 potions of might
 z - 9 potions of stabbing
 G - 4 potions of haste
 H - 4 potions of resistance
 R - 2 potions of ambrosia
Miscellaneous
 Y - a phial of floods


   Skills:
 - Level 20.4(19.6) Fighting
 + Level 21.2(20.4) Long Blades
 - Level 10.9(10.2) Throwing
 - Level 20.0(19.2) Armour
 - Level 17.8(17.0) Dodging
   Level 4.5(4.0) Invocations


You had 20 spell levels left.
You didn't know any spells.
Your spell library was empty.

Dungeon Overview and Level Annotations

Branches:
Dungeon (15/15)            Temple (0/1) D:4            Lair (6/6) D:10
  Swamp (4/4) Lair:2        Snake (4/4) Lair:2        Slime (4/5) Lair:5
    Orc (2/2) D:12            Elf (1/3) Orc:2        Vaults (0/5) D:14
 Depths (3/5) D:15        Ossuary (visited)           IceCv (visited)
Volcano (visited)

Altars:
Ashenzari
Dithmenos
Elyvilon
Fedhas
Hepliaklqana
Nemelex Xobeh
Okawaru
Qazlal
Ru
Sif Muna
Trog
Vehumet
Wu Jian
Zin
Beogh
Jiyva

Shops:
D:13 ?   Orc:2 !*!(   Snake:1 *   Depths:1 *

Portals:
Hell: Depths:1 Depths:2
Abyss: Depths:1


Innate Abilities, Weirdness & Mutations

You reflexively headbutt those who attack you in melee.
You have a pair of horns on your head.
You are mostly covered in slimy green scales. (AC +3)
You are agile. (Dex +2)
Your magical capacity is low. (-10% MP)
You expend magic power (3 MP) to strengthen your wands.
Your movements are slightly less encumbered by armour. (ER -2)


Message History

The frost giant points at you and mumbles some strange words.
The bolt of cold misses you.
You can move again.
Unknown command.
Press: ? - help, Dir - move target cursor
As you read the scroll of blinking, it crumbles to dust.
As you read the scroll of fog, it crumbles to dust.
The scroll dissolves into smoke.
The Executioner completely misses you.
You riposte.
You slash the Executioner!
The Executioner's magic leaks into the air.
You headbutt the Executioner, but do no damage.
The Executioner is severely wounded.
The Executioner completely misses you. x2
You hear two shouts!
Press: ? - help, Dir - move target cursor
As you read the scroll of blinking, it crumbles to dust.
You hear two shouts!
There is an open door here.
The Executioner hits you!
You die...

.......♣♣≈≈≈...≈≈≈≈≈≈♣..#..##....
.......♣♣≈≈≈...♣≈≈≈≈≈♣......[)...
#######♣♣♣≈P...≈≈≈[≈≈♣§§§§§§'....
♣≈P≈....≈≈≈≈≈♣§§§§§.†.... ##
♣≈≈≈....≈≈≈≈≈♣§§#§§##.... .##
♣≈≈≈..≈≈≈≈≈♣♣..§##18##... ..#
#♣♣P≈...≈♣#...1.#.§§≈#...
.#########♣♣P..♣♣.#/....#...≈##):
..(.....#..≈≈...@.#.....##..≈§###
.#......#.#P≈..##1#......#...GD≈§
........#.###..^.........##(.(1CC
.#......'.....#...........##..[§Q
........#.###.#............##...O
.#......#.###.#.............#####
..##+####.....+..............#
.#!..# #####.#..............####
..#..########.#####'#######'##...


You could see an Executioner (summoned, fast).

Vanquished Creatures
  A caustic shrike (Depths:2)
  the Enchantress (D:15)
  Rupert (Lair:4)
  Jorgrun (Elf:1)
  Asterion (Snake:1)
  A lich (Depths:1)
  7 acid blobs
  Frances (D:14)
  Kirke (D:12)
  2 thorn hunters
  A tengu reaver (Depths:2)
  7 nagarajas
  4 azure jellies
  A frost giant (Depths:1)
  A fire giant (Depths:2)
  Louise (Snake:1)
  Aizul (Snake:1)
  A juggernaut zombie (Depths:2)
  A reaper (IceCv)
  8 very ugly things
  10 stone giants
  A vampire knight (Depths:2)
  3 spriggan defenders (D:15)
  Nessos (D:11)
  2 spark wasps (Depths:2)
  A dire elephant (Lair:6)
  4 deep elf death magi (Elf:1)
  2 ettins (Depths:2)
  An ettin (shapeshifter) (Depths:1)
  Josephine (Orc:1)
  3 fire dragons
  4 great orbs of eyes
  A yaktaur captain (Depths:1)
  2 rakshasas
  3 boulder beetles
  25 hydras
  13 naga warriors
  3 spriggan air magi
  5 ice dragons
  9 anacondas
  4 vault guards (D:13)
  5 shambling mangroves
  6 centaur warriors
  A merfolk avatar (Lair:6)
  4 ogre magi
  A deep troll shaman (D:15)
  3 death yaks
  15 alligators
  16 two-headed ogres
  The ghost of feta the Shield-Bearer, a novice TrIE of Vehumet (D:9)
  5 deep troll earth magi
  3 tengu warriors
  2 vampire magi
  A titan zombie (Depths:2)
  4 shock serpents
  8 naga sharpshooters
  An orc high priest (Orc:2)
  Urug (D:12)
  Sonja (Lair:4)
  A hell knight (Depths:2)
  A spriggan berserker (Depths:1)
  8 spriggans
  A deep elf knight (Elf:1)
  A salamander mystic (Snake:4)
  4 iron trolls (D:15)
  A sea snake (Lair:6)
  An unseen horror (shapeshifter) (Depths:2)
  2 glowing orange brains
  9 deep trolls
  9 naga ritualists
  2 spriggan druids (Swamp:3)
  3 unseen horrors
  7 swamp dragons
  2 wizards
  A tengu skeleton (Depths:2)
  10 mana vipers
  3 orc sorcerers (Orc:2)
  A necromancer (Depths:2)
  5 orc knights
  A wolf spider (D:14)
  8 deep elf magi
  3 elephants (Lair:6)
  3 manticores
  11 ugly things
  9 salamanders
  5 cyclopes
  5 centaur zombies
  23 naga magi
  3 guardian serpents
  A fire giant skeleton (Depths:2)
  2 ice statues (IceCv)
  34 black mambas
  23 cane toads
  Psyche (D:9)
  An eye of devastation (Slime:2)
  5 gargoyles
  2 rime drakes (Lair:6)
  A rime drake (shapeshifter) (Depths:2)
  A freezing wraith (D:14)
  12 komodo dragons
  5 yaktaurs
  An efreet (D:14)
  5 trolls
  8 ice devils (IceCv)
  A wind drake (Lair:6)
  A hornet (shapeshifter) (D:13)
  4 polar bears
  16 hornets
  8 tyrant leeches
  A polar bear (shapeshifter) (Depths:2)
  59 slime creatures
  15 blink frogs
  An ettin zombie (Depths:2)
  6 dream sheep (Lair:6)
  2 bog bodies
  Sigmund (D:4)
  6 water elementals
  Grum (Lair:1)
  52 yaks
  8 wyverns
  A hog (D:12)
  9 wraiths
  3 basilisks
  11 small abominations
  4 fire bats (Volcano)
  16 golden eyes
  A steam dragon (shapeshifter) (D:12)
  2 steam dragons
  11 vampire mosquitoes
  A chaos spawn (Depths:1)
  Menkaure (D:4)
  4 large abominations (Depths:1)
  An acid dragon (D:15)
  14 swamp worms
  4 wargs
  28 nagas
  A naga (shapeshifter) (D:12)
  25 water moccasins
  A hell hound (Volcano)
  8 ice beasts
  A hornet zombie (D:10)
  25 orc warriors
  18 swamp drakes
  4 eyes of draining
  2 black bears
  4 phantoms
  5 sky beasts
  2 necrophages
  26 ogres
  6 boggarts
  17 wolves
  9 centaurs
  Blork the orc (D:4)
  2 big kobolds
  18 bullfrogs
  3 scorpions
  2 wyvern skeletons (D:12)
  6 spriggan skeletons (D:9)
  18 wights
  10 killer bees
  A troll skeleton (D:9)
  5 howler monkeys
  An electric eel (Lair:5)
  A bullfrog zombie (D:12)
  6 bullfrog skeletons
  8 hounds
  2 jellies
  A quasit (D:7)
  4 centaur skeletons
  21 orc priests
  10 iguanas
  21 orc wizards
  Ijyb (D:4)
  10 worker ants
  12 mummies (Ossuary)
  A howler monkey zombie (D:5)
  18 adders
  11 white imps
  15 ufetubi
  3 adder skeletons
  6 worms
  2 dart slugs (D:2)
  4 leopard geckos
  74 orcs
  3 ball pythons
  5 giant cockroaches
  11 goblins
  10 hobgoblins
  11 jackals
  5 quokkas
  9 bats
  5 frilled lizards
  2 gnoll skeletons (Ossuary)
  A goblin skeleton (Ossuary)
  12 kobolds
  2 kobold skeletons (Ossuary)
  A leopard gecko skeleton (D:7)
  A leopard gecko zombie (D:5)
  3 orc skeletons (Ossuary)
  A quokka skeleton (D:7)
  3 rats
  11 rat skeletons (Ossuary)
1305 creatures vanquished.

Vanquished Creatures (collateral kills)
  A titan (Depths:2)
  A storm dragon (D:14)
  2 naga warriors
  A hydra (Swamp:4)
  3 death yaks (Lair:6)
  An alligator (Swamp:1)
  A deep troll shaman (Depths:3)
  A naga sharpshooter (Snake:4)
  2 orc high priests (Orc:2)
  A deep troll (Depths:3)
  A naga ritualist (Snake:4)
  A mana viper (Snake:4)
  An orc knight (D:14)
  2 salamanders
  An orc sorcerer (Orc:2)
  A black mamba (Lair:6)
  4 naga magi
  A troll (D:14)
  8 slime creatures
  5 large abominations (D:12)
  4 yaks (Lair:6)
  A wyvern (Lair:6)
  3 vampire mosquitoes (Swamp:3)
  2 hogs (D:12)
  6 nagas
  A swamp worm (Swamp:1)
  A water moccasin (Lair:6)
  An acid dragon (D:14)
  4 small abominations (D:12)
  4 orc warriors
  An orc wizard (Orc:2)
  An orc (D:12)
68 creatures vanquished.

Vanquished Creatures (others)
  An unseen horror (D:14)
  2 humans (D:12)
  A yak (D:12)
  A centaur (Depths:1)
  A howler monkey (D:9)
  A white imp (IceCv)
  2 ufetubi (IceCv)
  3 orcs
  4 bushes
  24 fungi
  96 plants
136 creatures vanquished.

Grand Total: 1509 creatures vanquished

Notes
Turn   | Place    | Note
-------+----------+-------------------------------------------
     0 | D:1      | Grim the Minotaur Berserker began the quest for the Orb.
     0 | D:1      | Reached XP level 1. HP: 19/19 MP: 0/0
    25 | D:1      | Reached skill level 4 in Long Blades
    43 | D:1      | Reached XP level 2. HP: 25/26 MP: 1/1
   566 | D:1      | Reached skill level 5 in Long Blades
   631 | D:2      | Reached XP level 3. HP: 13/31 MP: 2/2
   780 | D:2      | Found a shimmering blue altar of Sif Muna.
   957 | D:2      | Reached ** piety under Trog
  1007 | D:2      | Reached skill level 6 in Long Blades
  1007 | D:2      | Reached XP level 4. HP: 39/39 MP: 3/3
  1874 | D:3      | Found a faded altar of an unknown god.
  2140 | D:3      | Found a sparkling altar of Nemelex Xobeh.
  2146 | D:3      | Reached XP level 5. HP: 37/45 MP: 4/4
  2459 | D:3      | Found a stormy altar of Qazlal.
  2536 | D:4      | Reached skill level 7 in Long Blades
  2548 | D:4      | Noticed Blork the orc
  2552 | D:4      | Killed Blork the orc
  2595 | D:4      | Noticed Ijyb
  2640 | D:4      | Killed Ijyb
  2648 | D:4      | Noticed Menkaure
  2648 | D:4      | Noticed a phantom
  2667 | D:4      | Killed Menkaure
  2667 | D:4      | Reached skill level 8 in Long Blades
  2667 | D:4      | Reached XP level 6. HP: 51/51 MP: 5/5
  2686 | D:4      | Reached skill level 9 in Long Blades
  2754 | D:4      | Noticed Sigmund
  2768 | D:4      | Killed Sigmund
  2768 | D:4      | Reached skill level 10 in Long Blades
  2768 | D:4      | Reached XP level 7. HP: 57/57 MP: 6/6
  2789 | D:4      | Found a sand-covered staircase.
  2794 | Ossuary  | Entered an ossuary
  3046 | Ossuary  | Reached *** piety under Trog
  3108 | Ossuary  | Reached skill level 5 in Fighting
  3378 | D:4      | Found a staircase to the Ecumenical Temple.
  3656 | D:4      | Found a glowing silver altar of Zin.
  3656 | D:4      | Noticed an angel
  3708 | D:4      | Reached XP level 8. HP: 44/71 MP: 7/7
  3877 | D:5      | Entered Level 5 of the Dungeon
  3981 | D:5      | Found a hazy altar of Hepliaklqana.
  4261 | D:5      | Reached skill level 10 in Fighting
  4655 | D:5      | Found an ornate altar of the Wu Jian Council.
  4982 | D:6      | Reached XP level 9. HP: 68/89 MP: 8/8
  5047 | D:6      | Reached **** piety under Trog
  5048 | D:6      | Found a hazy altar of Hepliaklqana.
  5586 | D:7      | Found a sacrificial altar of Ru.
  5816 | D:7      | Reached skill level 5 in Armour
  6202 | D:8      | Reached ***** piety under Trog
  6277 | D:8      | Received a gift from Trog
  6277 | D:8      | Reached XP level 10. HP: 97/97 MP: 9/9
  6350 | D:8      | Found an iron altar of Okawaru.
  6836 | D:8      | Gained mutation: Your magical capacity is low. (-10% MP)
                  | [potion of mutation]
  6836 | D:8      | Gained mutation: Scrolls take you a little longer to read.
                  | [potion of mutation]
  6836 | D:8      | Gained mutation: Your movements are slightly less
                  | encumbered by armour. (ER -2) [potion of mutation]
  6837 | D:8      | Lost mutation: Scrolls take you a little longer to read.
                  | [potion of mutation]
  6837 | D:8      | Lost mutation: Your magical capacity is low. (-10% MP)
                  | [potion of mutation]
  6837 | D:8      | Gained mutation: You have an increased reservoir of magic.
                  | (+10% MP) [potion of mutation]
  6837 | D:8      | Gained mutation: You are partially covered in slimy green
                  | scales. (AC +2) [potion of mutation]
  6977 | D:9      | Found a runed translucent door.
  6978 | D:9      | Noticed feta's ghost (novice TrIE)
  7007 | D:9      | Killed feta's ghost
  7135 | D:9      | Found a broken altar of Ashenzari.
  7306 | D:9      | Reached skill level 10 in Armour
  7629 | D:9      | Noticed Psyche
  7638 | D:9      | Killed Psyche
  7638 | D:9      | Reached skill level 5 in Dodging
  7862 | D:10     | Entered Level 10 of the Dungeon
  7900 | D:10     | Found a staircase to the Lair.
  8403 | D:10     | Reached XP level 11. HP: 100/104 MP: 11/11
  8450 | D:10     | Found a white marble altar of Elyvilon.
  8553 | D:11     | Noticed a red ugly thing
  8553 | D:11     | Noticed a two-headed ogre
  8566 | D:11     | Killed a two-headed ogre
  8583 | D:11     | Noticed a white ugly thing
  8597 | D:11     | Killed a brown ugly thing
  8603 | D:11     | Killed a white ugly thing
  8603 | D:11     | Reached skill level 10 in Dodging
  9025 | D:11     | Noticed a two-headed ogre
  9036 | D:11     | Killed a two-headed ogre
  9226 | D:11     | Reached skill level 5 in Throwing
  9690 | D:12     | Received a gift from Trog
  9933 | D:12     | Reached skill level 11 in Long Blades
  9963 | D:12     | Noticed Nessos
 10164 | D:11     | Killed Nessos
 10232 | D:12     | Found a staircase to the Orcish Mines.
 10266 | D:12     | Noticed Urug
 10287 | D:12     | Killed Urug
 10296 | D:12     | Noticed a white ugly thing
 10338 | D:12     | Killed a white ugly thing
 10338 | D:12     | Reached XP level 12. HP: 112/112 MP: 12/12
 10749 | D:12     | Noticed Kirke
 10757 | D:12     | Reached skill level 12 in Long Blades
 10763 | D:12     | Killed Kirke
 11064 | D:12     | Reached skill level 10 in Throwing
 11160 | D:12     | Noticed a tengu warrior
 11168 | D:12     | Killed a tengu warrior
 11223 | D:12     | Noticed a centaur warrior
 11239 | D:12     | Killed a centaur warrior
 11239 | D:12     | Reached skill level 13 in Long Blades
 11508 | D:13     | Found a blossoming altar of Fedhas.
 11695 | D:13     | Noticed a two-headed ogre
 11707 | D:13     | Killed a two-headed ogre
 11781 | D:13     | Found Ixza's Magic Scroll Boutique.
 11894 | D:13     | Found a shadowy altar of Dithmenos.
 12199 | D:14     | Reached XP level 13. HP: 118/118 MP: 13/13
 12215 | D:14     | Reached skill level 14 in Long Blades
 12456 | D:14     | Noticed Frances
 12475 | D:14     | Killed Frances
 12475 | D:14     | Reached skill level 15 in Long Blades
 12633 | D:14     | Noticed a storm dragon
 12636 | D:14     | Killed a storm dragon
 12670 | D:14     | Reached skill level 16 in Long Blades
 12785 | D:14     | Got a pair of warped boots
 12797 | D:14     | Identified the +2 pair of boots of Boredom {Harm *Corrode
                  | +Blink +Inv Int+2} (You found it on level 14 of the
                  | Dungeon)
 12798 | D:14     | Got an ancient copper ring
 12800 | D:14     | Identified the ring "Guciabif" {Fire rN+} (You found it on
                  | level 14 of the Dungeon)
 13407 | D:14     | Reached skill level 17 in Long Blades
 13480 | D:14     | Found a gate to the Vaults.
 13687 | D:13     | Received a gift from Trog
 13941 | D:15     | Entered Level 15 of the Dungeon
 14211 | D:15     | Reached skill level 18 in Long Blades
 14211 | D:15     | Reached XP level 14. HP: 114/126 MP: 14/14
 14312 | D:15     | Found a radiant altar of Vehumet.
 15126 | D:15     | Found a staircase to the Depths.
 15379 | Lair:1   | Entered Level 1 of the Lair of Beasts
 15379 | Lair:1   | Noticed Grum
 15392 | Lair:1   | Killed Grum
 15420 | Lair:1   | Found a frozen archway.
 15427 | IceCv    | Entered an ice cave
 15696 | IceCv    | Noticed a reaper
 15709 | IceCv    | Killed a reaper
 16427 | Lair:1   | Reached skill level 15 in Fighting
 16428 | Lair:1   | Lost mutation: You have an increased reservoir of magic.
                  | (+10% MP) [potion of mutation]
 16428 | Lair:1   | Gained mutation: You expend magic power (3 MP) to
                  | strengthen your wands. [potion of mutation]
 16428 | Lair:1   | Gained mutation: Your magical capacity is low. (-10% MP)
                  | [potion of mutation]
 16428 | Lair:1   | Gained mutation: You are mostly covered in slimy green
                  | scales. (AC +3) [potion of mutation]
 16428 | Lair:1   | Gained mutation: You are agile. (Dex +2) [potion of
                  | mutation]
 17142 | Lair:2   | Found a staircase to the Snake Pit.
 17656 | Lair:2   | Found a staircase to the Swamp.
 18381 | Lair:3   | Reached XP level 15. HP: 129/147 MP: 12/12
 18681 | Lair:4   | Found a dark tunnel.
 18698 | Volcano  | Entered a volcano
 19264 | Lair:4   | Noticed Rupert
 19265 | Lair:4   | Paralysed by Rupert for 5 turns
 19278 | Lair:4   | Killed Rupert
 19428 | Lair:4   | Received a gift from Trog
 19576 | Lair:4   | Noticed Sonja
 19585 | Lair:4   | Killed Sonja
 20448 | Lair:5   | Found a viscous altar of Jiyva.
 20451 | Lair:5   | Found a staircase to the Slime Pits.
 21216 | Lair:6   | Entered Level 6 of the Lair of Beasts
 21326 | Lair:6   | Received a gift from Trog
 21936 | Lair:6   | Identified Sif Muna's Compendium of Spatial Heat
 22300 | Orc:1    | Entered Level 1 of the Orcish Mines
 22368 | Orc:1    | Found a bloodstained altar of Trog.
 22435 | Orc:1    | Noticed Josephine
 22451 | Orc:1    | Killed Josephine
 22460 | Orc:1    | Reached ****** piety under Trog
 23035 | Orc:2    | Entered Level 2 of the Orcish Mines
 23106 | Orc:2    | Found a staircase to the Elven Halls.
 23241 | Orc:2    | Found a roughly hewn altar of Beogh.
 23331 | Orc:2    | Found Isogaw's Antique Weapon Emporium.
 23338 | Orc:2    | Reached XP level 16. HP: 142/165 MP: 10/13
 23742 | Orc:2    | Found Kaditudaisk's Distillery.
 23765 | Orc:2    | Found Deoliom's General Store.
 23772 | Orc:2    | Found Koonue's Distillery.
 24089 | Swamp:1  | Entered Level 1 of the Swamp
 24097 | Swamp:1  | Received a gift from Trog
 26245 | Swamp:3  | Received a gift from Trog
 26450 | Swamp:3  | Reached skill level 15 in Armour
 26493 | Swamp:3  | Noticed a thorn hunter
 26500 | Swamp:3  | Killed a thorn hunter
 27043 | Swamp:3  | Got an ichor-stained chain mail
 27049 | Swamp:3  | Identified the +8 chain mail of the Big Bang {-Cast Rampage
                  | rPois} (You found it on level 3 of the Swamp)
 27118 | Swamp:4  | Entered Level 4 of the Swamp
 27354 | Swamp:4  | Noticed a thorn hunter
 27628 | Swamp:4  | Killed a thorn hunter
 28041 | Swamp:4  | Reached XP level 17. HP: 171/171 MP: 14/14
 28197 | Swamp:4  | Got a decaying rune of Zot
 28406 | Snake:1  | Entered Level 1 of the Snake Pit
 28464 | Snake:1  | Found Wroery's Whimsical Warehouse.
 28847 | Snake:1  | Noticed Aizul
 28863 | Snake:1  | Killed Aizul
 29245 | Snake:1  | Identified the cursed +0 kite shield of Hedge Wizardry
                  | {*Corrode rF+ rC+ Int+5}
 29245 | Snake:1  | Noticed Asterion
 29258 | Snake:1  | Killed Asterion
 29502 | Snake:1  | Noticed Louise
 29512 | Snake:1  | Killed Louise
 31135 | Snake:3  | Received a gift from Trog
 31812 | Snake:4  | Entered Level 4 of the Snake Pit
 32481 | Snake:4  | Reached XP level 18. HP: 167/180 MP: 5/15
 33074 | Snake:4  | Got a serpentine rune of Zot
 33795 | Slime:1  | Entered Level 1 of the Pits of Slime
 34559 | Slime:2  | HP: 7/180 [azure jelly (39)]
 34560 | Slime:2  | HP: 3/180 [acid (4)]
 35177 | Slime:2  | Reached skill level 15 in Dodging
 35903 | Slime:4  | Paralysed by a floating eye for 4 turns
 36204 | Elf:1    | Entered Level 1 of the Elven Halls
 36249 | Elf:1    | Noticed Jorgrun
 36283 | Elf:1    | Killed Jorgrun
 36649 | Depths:1 | Entered Level 1 of the Depths
 36739 | D:15     | Reached XP level 19. HP: 145/187 MP: 5/16
 37318 | Depths:1 | Received a gift from Trog
 37334 | Depths:1 | Noticed the Enchantress
 37617 | Depths:1 | HP: 6/187 [something (7)]
 38149 | D:15     | Killed the Enchantress
 38523 | Depths:1 | Found a gateway to Hell.
 38547 | Depths:1 | Found Elunne's Eclectic Emporium.
 38603 | Depths:1 | Found a one-way gate to the infinite horrors of the Abyss.
 38662 | Depths:1 | Reached skill level 19 in Long Blades
 38728 | Depths:1 | Bought a potion of experience for 650 gold pieces
 38728 | Depths:1 | Reached XP level 20. HP: 195/195 MP: 5/20
 39446 | Depths:2 | Found a flickering gateway to a bazaar.
 39462 | Bazaar   | Entered a bazaar
 39662 | Bazaar   | Found Eliotit's Weapon Emporium.
 39701 | Bazaar   | Found Sogiu's Book Emporium.
 39753 | Bazaar   | Found Nake's Book Shoppe.
 39792 | Bazaar   | Found Qeegry's General Store.
 40027 | Depths:2 | Reached skill level 20 in Long Blades
 40037 | Depths:2 | Received a gift from Trog
 40094 | Depths:2 | You fall into a shaft and drop 1 floor!
 40813 | Depths:2 | Noticed a caustic shrike
 40818 | Depths:2 | Killed a caustic shrike
 40818 | Depths:2 | Reached XP level 21. HP: 177/202 MP: 6/20
 40830 | Depths:2 | Reached skill level 21 in Long Blades
 40989 | Depths:2 | Paralysed by a floating eye for 3 turns
 40992 | Depths:2 | HP: 3/202 [Executioner[a lich] (25)]
 40999 | Depths:2 | Mangled by an Executioner

Illustrated notes

Levels and vault maps discovered:
D:1:      ncdulo_wetmaze, layout_rooms
D:2:      wad_lake_hut, layout_basic, lemuel_blue_sif_altar
D:3:      layout_basic, nicolae_qazlal_eye_of_the_storm, marbit_many_paths,
          chequers_ecumenical_altar_simple_redux
D:4:      wander_river, layout_rooms, zin_angel, minmay_temple_entry_mini_moons,
          nicolae_ossuary_entry_plus, nrook_uturn, uniq_sigmund, uniq_menkaure,
          uniq_blork_the_orc, uniq_ijyb
D:5:      layout_basic, nicolae_overflow_crystal_walls, basic_altar,
          minmay_misc_feat_five
D:6:      layout_cave_pools, overflow_temple_1_default
D:7:      layout_rooms, nicolae_ru_awakened_eye
D:8:      layout_rooms, okawaru_gym_becter
D:9:      lemuel_ice_spiral_2, layout_basic, ashenzari_conservatory_becter,
          serial_curves, eino_curves_01, eino_curves_01,
          ebering_ghost_reflecting_pool, hangedman_tell_no_tales, uniq_psyche
D:10:     layout_basic, lair_entry_dummy, elyvilon_altar_1
D:11:     layout_stronghold
D:12:     minmay_blocking_statues, layout_cave_pools, orc_0_dummy, laboratory,
          uniq_kirke, uniq_urug, uniq_nessos
D:13:     layout_basic, basic_altar, serial_shops, shop_statue, serial_glass,
          glass_columns_b, glass_columns_a, fedhas_altar_decomposition
D:14:     hangedman_cross_veins, layout_basic,
          lightli_vaults_fourway_checkpoint, hangedman_decor_slide_cut,
          uniq_frances
D:15:     grunt_enter_depths_hoard, layout_stronghold, basic_altar,
          minmay_misc_feat_rows
Lair:1:   layout_chaotic_city, portal_ice_cave_entry_pillars_1,
          hangedman_lair_generics_rect, serial_bayou_shore_b, uniq_grum
Lair:2:   layout_small_grid, swamp_mist, minmay_snake_entry_six_corridors
Lair:3:   layout_loops_ring, grunt_megastairs_5
Lair:4:   layout_regular_city, enter_volcano_1, grunt_megastairs_3, uniq_rupert,
          uniq_sonja
Lair:5:   layout_roguey, slime_altar_1, minmay_shattered_shrine,
          lemuel_fruit_tree, lemuel_fruit_fields, serial_bayou_shore_a
Lair:6:   gammafunk_lair_ancient_temple, layout_gridlike
Swamp:1:  layout_falls_marsh, infiniplex_staircase_pool, swamp_pool1
Swamp:2:  layout_basic_swamp, hangedman_swamp_ruin_wall, swamp_pool1
Swamp:3:  layout_basic_swamp, evilmike_swamp_ruin_rubble_2, swamp_pool5
Swamp:4:  swamp, layout_basic_swamp, swamp_pool4, nicolae_swamp_dense_foliage
Snake:1:  layout_honeycomb, grunt_ministairs_9, nicolae_alphabet_shops,
          uniq_louise, uniq_asterion, uniq_aizul
Snake:2:  nicolae_snake_nest, layout_onion, serial_bayou_shore_b
Snake:3:  layout_rooms
Snake:4:  snake_pit, layout_rooms, hangedman_corner_corridor
Slime:1:  layout_caves, cheibrodos_slime_lost_civilization_5
Slime:2:  layout_caves
Slime:3:  layout_caves
Slime:4:  layout_caves
Orc:1:    layout_caves, trog_hazing_becter, uniq_josephine
Orc:2:    st_orc_elflike, layout_caves, mines1_david
Elf:1:    layout_geoelf_diagonals, minmay_elf_crystal_heptagon, uniq_jorgrun
Depths:1: layout_gridville, minmay_room_of_horrors, serial_rivers,
          chequers_serial_rivers_large_a, chequers_serial_rivers_micro_a,
          chequers_serial_rivers_small_a, chequers_serial_rivers_micro_d,
          chequers_serial_rivers_small_3, chequers_jeans, hell_entry,
          minmay_misc_feat_doors, hangedman_decor_growths,
          serial_sigils_hangedman_shear, nicolae_alphabet_shops,
          minmay_librarian, uniq_enchantress
Depths:2: cheibrodos_salmonella, layout_gridlike, abyss_entry_crystal,
          serial_shops, bzr_entry_islet, hell_entry, st_stairs_13,
          serial_bayou_ford_a
Depths:3: minmay_skeleton_keep, layout_cave_pools, minmay_holes,
          grunt_hell_entry_dis_old, pan_entry, kennysheep_generic_room_11,
          minmay_staircase_statues_hall_small

Skill      XL: |  1  2  3  4  5  6  7  8  9 10 11 12 13 14 15 16 17 18 19 20 21 |
---------------+----------------------------------------------------------------+-----
Long Blades    | 4 5 6 8 10 11 13 18 19 20 21 | 21.2
Fighting       | 6 11 12 17 20 | 20.4
Armour         | 8 10 16 20 | 20.0
Throwing       | 2 7 10 | 10.9
Dodging        | 8 10 11 16 17 | 17.8
Invocations    | 4 |  4.5

Action                   |  1- 3 |  4- 6 |  7- 9 | 10-12 | 13-15 | 16-18 | 19-21 || total
-------------------------+-------+-------+-------+-------+-------+-------+-------++-------
Melee: Falchion          |    71 |    87 |   129 |       |       |       |       ||   287
       Headbutt          |    13 |    16 |    74 |   154 |   266 |   299 |   138 ||   960
       Scimitar          |       |       |   173 |   371 |   275 |   292 |       ||  1111
       Long sword        |       |       |       |   145 |   310 |       |       ||   455
       Great sword       |       |       |       |       |    65 |   675 |   449 ||  1189
       Demon blade       |       |       |       |       |   148 |       |       ||   148
       Triple sword      |       |       |       |       |   129 |       |       ||   129
Throw: Dart              |       |       |     2 |     4 |     4 |     7 |       ||    17
       Javelin           |       |       |       |       |     5 |     4 |       ||     9
       Boomerang         |       |       |       |       |       |   327 |    17 ||   344
Invok: Berserk           |     1 |     4 |     3 |    14 |    11 |    10 |     9 ||    52
       Trog's Hand       |       |     3 |     3 |     7 |    11 |    24 |     8 ||    56
       Brothers in Arms  |       |       |       |     5 |     7 |    17 |     3 ||    32
 Abil: Evoke Blink       |       |       |       |       |     1 |       |       ||     1
Evoke: Wand              |       |       |       |       |     1 |     4 |     2 ||     7
       Phial of floods   |       |       |       |       |     1 |       |       ||     1
  Use: Scroll            |       |     8 |       |    11 |    15 |    19 |    12 ||    65
       Potion            |       |       |     1 |     3 |     2 |    10 |     3 ||    19
 Stab: Distracted        |       |       |       |     2 |       |     1 |     2 ||     5
Armor: Leather armour    |     5 |     9 |    18 |    35 |       |       |       ||    67
       Animal skin       |     2 |       |       |       |       |       |       ||     2
       Troll leather arm |       |       |       |    37 |    29 |       |       ||    66
       Chain mail        |       |       |       |    28 |   184 |   452 |   107 ||   771
       Plate armour      |       |       |       |       |   150 |   173 |       ||   323
       Acid dragon scale |       |       |       |       |       |       |    99 ||    99
Dodge: Dodged            |    45 |    90 |   226 |   402 |   746 |   889 |   519 ||  2917
       Rpst.: Falchion   |    11 |    17 |    24 |       |       |       |       ||    52
       Scimitar          |       |       |    35 |    83 |    55 |    50 |       ||   223
       Long sword        |       |       |       |    36 |    40 |       |       ||    76
       Great sword       |       |       |       |       |    18 |   106 |   100 ||   224
       Triple sword      |       |       |       |       |    26 |       |       ||    26
       Demon blade       |       |       |       |       |    17 |       |       ||    17

Table legend: (Time is in decaauts)
 A = Elapsed time spent in this place.
 B = Non-inter-level travel time spent in this place.
 C = Inter-level travel time spent in this place.
 D = Time resting spent in this place.
 E = Time spent auto-exploring this place.
 F = Levels seen in this place.
 G = Mean time per level.
                   A        B        C        D        E       F      G
               +--------+--------+--------+--------+--------+-----+--------+
         Total |  41082 |  38842 |   2240 |  11128 |  20137 |  43 |  955.4 |
       Dungeon |  16245 |  15356 |    889 |   4627 |   7838 |  15 | 1083.0 |
          Lair |   6017 |   5358 |    659 |    725 |   3754 |   6 | 1002.8 |
         Swamp |   4382 |   4222 |    160 |   1144 |   2334 |   4 | 1095.5 |
     Snake Pit |   5251 |   5116 |    135 |   2099 |   2183 |   4 | 1312.8 |
    Slime Pits |   2183 |   2027 |    156 |    697 |    977 |   4 |  545.8 |
  Orcish Mines |   1650 |   1440 |    210 |    182 |    930 |   2 |  825.0 |
   Elven Halls |    135 |    135 |      0 |      2 |     37 |   1 |  135.0 |
        Depths |   3140 |   3113 |     27 |   1093 |   1240 |   3 | 1046.7 |
        Bazaar |    423 |    423 |      0 |    173 |    231 |   1 |  423.0 |
       Ossuary |    368 |    368 |      0 |     95 |    156 |   1 |  368.0 |
      Ice Cave |    706 |    706 |      0 |    281 |    115 |   1 |  706.0 |
       Volcano |    577 |    577 |      0 |      6 |    340 |   1 |  577.0 |
               +--------+--------+--------+--------+--------+-----+--------+

Top non-repeatable levels by time:
    D:15: 2140 daAuts
Depths:1: 1871 daAuts
    D:12: 1670 daAuts
 Snake:3: 1643 daAuts
    D:14: 1590 daAuts
    D:11: 1510 daAuts
 Snake:1: 1398 daAuts
 Swamp:3: 1246 daAuts
  Lair:5: 1210 daAuts
Depths:2: 1179 daAuts
 Snake:2: 1176 daAuts
 Swamp:1: 1156 daAuts
  Lair:2: 1076 daAuts
     D:5: 1054 daAuts
 Swamp:2: 1048 daAuts
